 Dungeon Crawl Stone Soup version 0.25-a0-645-gb4487340cb (webtiles) character file.

Game seed: 13423194217628036785, levelgen mode: deterministic

564015 ReteAZ the Barachian Blade (level 26, -2/228 HPs)
             Began as a Barachi Gladiator on Mar 21, 2020.
             Was the Champion of Okawaru.
             Splashed by an acid blob's acid (7 damage)
             ... created by the Royal Jelly
             ... on level 5 of the Pits of Slime.
             The game lasted 03:04:25 (70450 turns).

ReteAZ the Barachian Blade (Barachi Gladiator)     Turns: 70450, Time: 03:04:26

Health: -2/228     AC: 17    Str: 22    XL:     26   Next: 74%
Magic:  29/29      EV: 24    Int: 17    God:    Okawaru [******]
Gold:   5335       SH: 22    Dex: 19    Spells: 25/25 levels left

rFire    + . .     SeeInvis +   L - +9 demon blade (vamp)
rCold    + . .     Gourm    .   e - +5 kite shield {reflect}
rNeg     . . .     Faith    .   U - +5 plate armour {MR+}
rPois    .         Spirit   .   c - +0 helmet of the Scribe {Regen+ Int+3}
rElec    .         Reflect  +   m - scarf {rC+ rF+}
rCorr    +         Harm     .   X - +2 pair of gloves {Str+3}
MR       ++...                  N - +2 pair of boots {run}
Stlth    ..........             t - amulet of regeneration
HPRegen  1.28/turn              o - ring of the Queen {+Fly EV+4 Int+4 SInv}
MPRegen  0.21/turn              D - ring of resist corrosion

@: about to teleport, finesse, corroded, can't hop
A: +LOS, swims, clumsy 1, deterioration 1, mutation resistance 1, slowness 1,
strong legs 2
}: 3/15 runes: barnacled, silver, gossamer
a: Hop, Heroism, Finesse, Renounce Religion, Evoke Flight


You were on level 5 of the Pits of Slime.
You worshipped Okawaru.
Okawaru was exalted by your worship.
You were not hungry.

You visited 10 branches of the dungeon, and saw 50 of its levels.
You visited the Abyss 1 time.
You also visited: Trove, Bailey and Wizlab.

You collected 7567 gold pieces.
You spent 2232 gold pieces at shops.

Inventory:

Hand Weapons
 k - the +7 falchion of Linearity {freeze, MR+ Str+4 Stlth+}
   (You took it off a vampire knight on level 2 of the Depths)

   It has been specially enchanted to freeze those struck by it, causing extra
   injury to most foes and up to half again as much damage against particularly
   susceptible opponents.
   It can also slow down cold-blooded creatures.
   It affects your strength (+4).
   It affects your resistance to hostile enchantments.
   It makes you more stealthy.
 L - a +9 vampiric demon blade (weapon)
 V - a +2 scimitar of flaming
Missiles
 d - 7 throwing nets
 u - 59 javelins (quivered)
 v - 38 silver javelins
 Z - 14 curare-tipped darts
Armour
 c - the +0 helmet of the Scribe (worn) {Regen+ Int+3}
   (You found it on level 3 of the Elven Halls)

   It affects your intelligence (+3).
   It increases your rate of regeneration.
 e - a +5 kite shield of reflection (worn)
 m - a scarf of resistance (worn)
 N - a +2 pair of boots of running (worn)
 U - a +5 plate armour of magic resistance (worn)
 X - a +2 pair of gloves of strength (worn)
Jewellery
 o - the ring of the Queen (left hand) {+Fly EV+4 Int+4 SInv}
   (You took it off a deep elf knight on level 1 of the Elven Halls)

   [ring of evasion]

   It affects your evasion (+4).
   It affects your intelligence (+4).
   It lets you see invisible.
   It lets you fly.
 s - an uncursed ring of protection from magic
 t - an amulet of regeneration (around neck)
 y - an uncursed ring of protection from cold
 D - a ring of resist corrosion (right hand)
 S - the ring of Keisainu {rF+ rN+}
   (You took it off a deep elf annihilator on level 3 of the Elven Halls)

   [ring of protection from fire]

   It protects you from fire.
   It protects you from negative energy.
 Y - a +5 ring of protection
Wands
 B - a wand of acid (27)
 C - a wand of iceblast (70)
 K - a wand of disintegration (49)
 M - a wand of digging (13)
 R - a wand of flame (86)
Scrolls
 a - 2 scrolls of silence
 i - 7 scrolls of teleportation
 j - 17 scrolls of remove curse
 l - a scroll of enchant weapon
 p - 10 scrolls of identify
 z - 9 scrolls of blinking
 A - 6 scrolls of fear
 F - 9 scrolls of fog
 G - a scroll of holy word
 J - 6 scrolls of magic mapping
 O - a scroll of summoning
 P - 2 scrolls of brand weapon
Potions
 b - 8 potions of mutation
 g - 3 potions of invisibility
 h - 17 potions of flight
 q - 7 potions of haste
 r - 3 potions of ambrosia
 x - 21 potions of curing
 E - 3 potions of might
 H - a potion of resistance
 T - a potion of berserk rage
 W - a potion of cancellation
Miscellaneous
 Q - a lightning rod (4/4)
Comestibles
 f - 79 rations


   Skills:
 - Level 23.0 Fighting
 - Level 24.0 Long Blades
 - Level 15.0 Throwing
 - Level 19.0 Armour
 - Level 20.1 Dodging
 + Level 22.7 Shields
 - Level 8.0 Invocations
 - Level 5.1 Evocations


You had 25 spell levels left.
You didn't know any spells.
Your spell library contained the following spells:

 Spells                   Type           Power        Failure   Level  Hunger
 Animate Skeleton         Necr           N/A          85%         1    ##.....
 Apportation              Tloc           #.....       85%         1    ##.....
 Corona                   Hex            #......      85%         1    ##.....
 Infusion                 Chrm           #...         85%         1    ##.....
 Magic Dart               Conj           #...         85%         1    ##.....
 Pain                     Necr           #...         85%         1    ##.....
 Summon Small Mammal      Summ           #...         85%         1    ##.....
 Blink                    Tloc           N/A          94%         2    ###....
 Call Imp                 Summ           #.......     94%         2    ###....
 Ensorcelled Hibernation  Hex/Ice        #.....       94%         2    ###....
 Passwall                 Tmut/Erth      #.......     94%         2    ###....
 Searing Ray              Conj           #.....       94%         2    ###....
 Shroud of Golubria       Chrm/Tloc      #.....       94%         2    ###....
 Slow                     Hex            #.......     94%         2    ###....
 Song of Slaying          Chrm           #.......     94%         2    ###....
 Swiftness                Chrm/Air       #.......     94%         2    ###....
 Conjure Flame            Conj/Fire      #.......     99%         3    ####...
 Dazzling Flash           Conj/Hex       #.....       99%         3    ####...
 Gell's Gravitas          Tloc           #.........   99%         3    ####...
 Ignite Poison            Fire/Tmut/Pois #.......     99%         3    ####...
 Inner Flame              Hex/Fire       #.......     99%         3    ####...
 Lesser Beckoning         Tloc           #.........   99%         3    ####...
 Mephitic Cloud           Conj/Pois/Air  #.......     99%         3    ####...
 Ozocubu's Armour         Chrm/Ice       #.......     99%         3    ####...
 Portal Projectile        Hex/Tloc       #.....       99%         3    ####...
 Spectral Weapon          Hex/Chrm       #.......     99%         3    ####...
 Teleport Other           Tloc           #.......     99%         3    ####...
 Vampiric Draining        Necr           #.........   99%         3    ####...
 Animate Dead             Necr           N/A          100%        4    #####..
 Cause Fear               Hex            #.........   100%        4    #####..
 Dispel Undead            Necr           #.......     100%        4    #####..
 Fulminant Prism          Conj/Hex       #.........   100%        4    #####..
 Iskenderun's Mystic Bla  Conj/Tloc      #.......     100%        4    #####..
 Leda's Liquefaction      Hex/Erth       #.........   100%        4    #####..
 Passage of Golubria      Tloc           N/A          100%        4    #####..
 Agony                    Necr           #.......     100%        5    ######.
 Borgnjor's Vile Clutch   Necr/Erth      #.........   100%        5    ######.
 Fireball                 Conj/Fire      #.........   100%        5    ######.
 Lee's Rapid Deconstruct  Erth           #.........   100%        5    ######.
 Silence                  Hex/Air        #.........   100%        5    ######.
 Summon Demon             Summ           #.........   100%        5    ######.
 Summon Forest            Summ/Tloc      #.........   100%        5    ######.
 Yara's Violent Unravell  Hex/Tmut       #.........   100%        5    ######.
 Darkness                 Hex            #.........   100%        6    #######
 Deflect Missiles         Chrm/Air       #.........   100%        6    #######
 Invisibility             Hex            #.......     100%        6    #######
 Shadow Creatures         Summ           N/A          100%        6    #######
 Simulacrum               Ice/Necr       #.........   100%        6    #######
 Starburst                Conj/Fire      #.........   100%        6    #######
 Statue Form              Tmut/Erth      #........    100%        6    #######
 Ring of Flames           Chrm/Fire      #.........   100%        7    #######
 Chain Lightning          Conj/Air       #.........   100%        8    #######
 Discord                  Hex            #.........   100%        8    #######
 Ignition                 Fire           #.........   100%        8    #######
 Lehudib's Crystal Spear  Conj/Erth      #.........   100%        8    #######
 Fire Storm               Conj/Fire      #.........   100%        9    #######
 Glaciate                 Conj/Ice       #.........   100%        9    #######
 Tornado                  Air            #.........   100%        9    #######


Dungeon Overview and Level Annotations

Branches:
Dungeon (15/15)            Temple (1/1) D:6            Lair (6/6) D:10
 Shoals (4/4) Lair:2       Spider (4/4) Lair:3        Slime (5/5) Lair:6
    Orc (2/2) D:9             Elf (3/3) Orc:2        Vaults (5/5) D:14
  Crypt (0/3) Vaults:2     Depths (5/5) D:15            Zot (0/5) Depths:5
 Bailey (visited)          WizLab (visited)

Altars:
Ashenzari
Cheibriados
Dithmenos
Elyvilon
Fedhas
Gozag
Hepliaklqana
Kikubaaqudgha
Makhleb
Nemelex Xobeh
Okawaru
Qazlal
Ru
Sif Muna
Trog
Uskayaw
Vehumet
Wu Jian
Xom
Yredelemnul
Zin
The Shining One
Beogh
Jiyva

Shops:
D:6 **=   D:10 (   D:13 ?!:=:   Orc:1 [   Orc:2 %!(}   Elf:2 ?   Vaults:1 *=?!*
Vaults:2 *   Vaults:3 *   Vaults:5 [   Depths:2 *   Depths:3 (%   Depths:5 *

Portals:
Hell: Depths:2 Depths:3 Depths:5
Abyss: Depths:4
Pandemonium: Orc:2 Depths:1 Depths:3
Ziggurat: Depths:5

Annotations:
D:14 3 runed translucent doors
Lair:5 exclusion: 3 oklob plants
Orc:2 2 exclusions
Elf:1 6 runed translucent doors
Depths:2 exclusions: door and orange crystal statue
Depths:4 1 exclusion
Depths:5 3 runed translucent doors, exclusions: eye of devastation and 2 great orbs of eyes, Xaphatau's ghost, master KoEn


Innate Abilities, Weirdness & Mutations

You can be seen from farther away. (+LOS)
You can swim through water.
You cover ground slowly.
You can hop long distances.
You are clumsy. (Dex -2)
Your body sometimes deteriorates upon taking damage.
You are somewhat resistant to further mutation.


Message History

Your +5 kite shield of reflection reflects the splash of acid!
The splash of acid hits the acid blob.
The acid blob completely resists.
You carve the acid blob like a ham!!!
You kill the acid blob!
That felt strangely unrewarding.
The acid blob is engulfed in freezing vapours.
You block the acid blob's attack. The acid blob hits you!!
* * * LOW HITPOINT WARNING * * *
The acid corrodes you!
You are splashed with acid.
You resist.
* * * LOW HITPOINT WARNING * * *
Okay, then.
Okay, then.
Hop to where?
Press: ? - help, Dir - move target cursor Boing!
The acid blob spits acid at you. The splash of acid hits you. You resist.
* * * LOW HITPOINT WARNING * * *
You are splashed with acid!
You resist.
You die...

....#####○# ##...................
......##JJ###.................##.
.......J.JJ...................###
......................(........#
.............................###
.............................#
..........................####
.....................<..###
................@......##
...^...................#
.......................#
......................##
.....................##
....................##
##........#####..#### ###...####
#### #####


You could see 3 acid blobs and a death ooze.

Vanquished Creatures
  the Royal Jelly (Slime:5)
  Mara (Depths:3)
  Boris (Vaults:2)
  Sojobo (Vaults:5)
  Frederick (Depths:4)
  Margery (Vaults:5)
  A golden dragon (Vaults:5)
  Arachne (Spider:3)
  2 bone dragons (Depths:5)
  3 tentacled monstrosities
  5 liches
  3 deep elf blademasters
  A quicksilver dragon (Vaults:5)
  2 titans (Vaults:5)
  13 acid blobs
  A kraken (Shoals:3)
  A deep elf master archer (Elf:3)
  An Executioner (Abyss:3)
  Gastronok (Lair:2)
  4 sphinxes
  4 storm dragons (Vaults:5)
  A draconian monk (Abyss:3)
  10 tengu reavers
  6 shadow dragons
  11 azure jellies
  6 nagarajas (Depths:4)
  12 vault wardens
  9 fire giants
  An iron dragon (Vaults:5)
  6 frost giants
  7 emperor scorpions
  6 deep elf sorcerers
  3 ghost moths (Spider:4)
  A cacodemon (D:14)
  2 orc warlords (Depths:3)
  4 deep elf elementalists
  A ghoul (Vaults:2)
  4 draconian stormcallers (Depths:5)
  A draconian scorcher (Depths:5)
  A spriggan defender (Depths:5)
  12 ironheart preservers
  16 very ugly things
  15 stone giants
  A war gargoyle (Vaults:5)
  5 entropy weavers
  2 red draconians (Depths:5)
  9 deep elf demonologists
  A black draconian (Depths:5)
  5 vampire knights
  A purple draconian (Depths:5)
  10 deep elf annihilators
  Azrael (D:14)
  5 ettins
  An eidolon (Vaults:2)
  3 death oozes (Slime:5)
  11 deep elf death magi
  5 fire dragons
  3 merfolk javelineers
  7 merfolk impalers
  10 ogre magi
  14 great orbs of eyes
  Erolcha (D:10)
  5 hydras
  7 deep elf high priests
  22 yaktaur captains
  4 rakshasas
  32 vault guards
  3 naga warriors (Depths:4)
  13 ice dragons
  A hell beast (Depths:3)
  5 spriggan air magi
  3 death knights
  A caustic shrike simulacrum (Depths:3)
  2 satyrs (Shoals:4)
  10 centaur warriors
  2 tengu warriors
  An alligator snapping turtle (Shoals:1)
  4 merfolk aquamancers
  9 death yaks
  An anaconda (Depths:4)
  39 two-headed ogres
  27 dancing weapons
  5 deep troll shamans
  A vampire mage (Depths:5)
  A queen ant (Lair:4)
  5 orc high priests
  3 deep troll earth magi
  2 spriggan berserkers (Depths:5)
  A shock serpent (shapeshifter) (Vaults:5)
  Sonja (Lair:2)
  18 deep elf knights
  5 skeletal warriors
  2 large abominations
  A sun demon (Depths:1)
  9 hell knights
  An unseen horror (shapeshifter) (Vaults:5)
  2 iron trolls (Depths:3)
  2 shadow wraiths
  4 unseen horrors
  A torturous demonspawn (Orc:2)
  A lindwurm (shapeshifter) (Depths:4)
  5 sea snakes
  8 wizards
  A gelid demonspawn (Orc:2)
  18 deep trolls
  A shadow demon (Depths:1)
  4 phantasmal warriors
  3 flayed ghosts
  2 glowing orange brains
  A fire giant zombie (Depths:3)
  11 deep elf archers
  33 harpies
  5 necromancers
  14 ironbrand convokers
  A mana viper (shapeshifter) (D:14)
  15 orb spiders
  31 orc knights
  6 cyclopes
  11 orc sorcerers
  24 wolf spiders
  A faun (shapeshifter) (D:14)
  19 fauns
  6 shining eyes
  24 ugly things
  48 deep elf magi
  11 manticores
  A manticore (shapeshifter) (Vaults:4)
  A moth of wrath (shapeshifter) (Depths:4)
  A worldbinder (Depths:3)
  2 moths of wrath
  6 black mambas
  An elephant (shapeshifter) (Vaults:5)
  7 merfolk sirens
  4 elephants (Lair:3)
  22 vault sentinels
  A naga mage (Depths:4)
  Joseph (D:7)
  3 eyes of devastation
  3 gargoyles
  3 guardian serpents (Depths:4)
  A torpor snail (Lair:5)
  6 water nymphs
  2 centaur zombies
  2 orange demons
  21 spiny frogs
  A spiny frog (shapeshifter) (Vaults:2)
  2 smoke demons
  2 fire giant skeletons (Depths:3)
  An efreet (D:10)
  12 demonic crawlers
  A kobold demonologist (D:11)
  5 rime drakes
  2 ice devils
  4 freezing wraiths
  8 komodo dragons
  44 yaktaurs
  12 trolls
  7 tengu conjurers
  28 merfolk
  A tyrant leech (shapeshifter) (Vaults:5)
  3 red devils
  2 jumping spiders (shapeshifter)
  A polar bear (Lair:3)
  11 wind drakes
  24 jumping spiders
  5 tyrant leeches (Lair:6)
  4 raiju (Abyss:3)
  10 hornets
  26 blink frogs
  Prince Ribbit (D:7)
  A hornet (shapeshifter) (Vaults:1)
  68 slime creatures
  17 hippogriffs
  A meliai zombie (D:15)
  8 small abominations
  12 dream sheep
  A stone giant simulacrum (Abyss:3)
  A raiju (shapeshifter) (Vaults:2)
  14 snapping turtles
  A flying skull (Vaults:2)
  An iron dragon simulacrum (Depths:3)
  43 redbacks
  A centaur simulacrum (D:13)
  2 spriggans (shapeshifter)
  32 tarantellas
  2 ynoxinuls
  25 yaks
  5 air elementals
  A wyvern (D:13)
  2 vampires
  27 water elementals
  A wraith (Vaults:4)
  A spriggan (Depths:5)
  11 golden eyes
  17 humans (D:14)
  5 shadows
  6 basilisks
  6 fire elementals
  A fire bat (shapeshifter) (Vaults:5)
  3 steam dragons
  A golden eye (shapeshifter) (Vaults:2)
  A chaos spawn (Orc:2)
  A hungry ghost (D:12)
  4 neqoxecs
  A yaktaur simulacrum (Vaults:1)
  6 vampire mosquitoes (Lair:6)
  A swamp worm (shapeshifter) (D:15)
  9 wargs
  20 soldier ants
  12 nagas (Depths:4)
  14 water moccasins
  4 hell hounds (D:14)
  5 porcupines
  A floating eye (Depths:3)
  A floating eye (shapeshifter) (Depths:3)
  5 ice beasts
  53 orc warriors
  Duvessa (D:4)
  3 sky beasts (D:8)
  3 phantoms
  7 eyes of draining
  An eye of draining (shapeshifter) (Vaults:2)
  2 black bears (D:6)
  32 ogres
  9 boggarts
  20 wolves
  22 centaurs
  12 crocodiles
  7 big kobolds
  37 bullfrogs
  4 earth elementals
  A wyvern zombie (D:8)
  Dowan (D:4)
  A water moccasin zombie (D:8)
  2 scorpions
  10 killer bees
  8 wights
  7 electric eels
  3 howler monkeys
  10 crimson imps
  3 bullfrog zombies
  2 quasits
  7 starcursed masses (Abyss:3)
  5 centaur skeletons
  4 hounds
  Crazy Yiuf (D:7)
  27 orc priests
  3 iguanas
  An iron imp (Depths:1)
  27 orc wizards
  23 worker ants
  A hound zombie (D:7)
  A hound skeleton (D:4)
  2 worker ant zombies
  23 adders
  A gnoll (Bailey)
  A river rat (Lair:2)
  4 shadow imps
  4 ufetubi (Depths:1)
  An ooze (D:6)
  2 worms (D:2)
  3 dart slugs (D:1)
  5 leopard geckos
  113 orcs
  3 bats (D:2)
  3 giant cockroaches
  12 goblins
  8 hobgoblins
  3 jackals (D:3)
  41 kobolds
  5 quokkas
  4 ball pythons
  5 frilled lizards
  A quokka zombie (D:5)
  9 rats
  A bush (Lair:6)
  3 fungi
  6 plants
  2 tentacles (Shoals:3)
2171 creatures vanquished.

Vanquished Creatures (others)
  A deep elf master archer (Elf:3)
  A vault warden (Vaults:2)
  3 stone giants
  2 yaktaur captains
  A centaur warrior (Vaults:1)
  5 satyrs (Shoals:4)
  A spriggan (Depths:5)
  2 deep elf archers
  An ironbrand convoker (Vaults:1)
  A deep elf mage (Elf:2)
  A cyclops (Vaults:1)
  2 fauns
  A merfolk siren (Shoals:2)
  A black mamba (shapeshifter) (Vaults:5)
  11 yaktaurs
  A jumping spider (Spider:3)
  2 hornets
  A human (D:14)
  A fire bat (shapeshifter) (Depths:1)
  A water elemental (Shoals:3)
  A chaos spawn (Abyss:3)
  2 nagas (Depths:4)
  An orc warrior (Orc:2)
  An ogre (Depths:2)
  4 centaurs
  A crimson imp (D:13)
  An orc priest (Orc:2)
  2 orc wizards (Elf:1)
  4 orcs
  18 fungi
  107 plants
  34 tentacles (Shoals:3)
216 creatures vanquished.

Grand Total: 2387 creatures vanquished

Notes
Turn   | Place    | Note
-------+----------+-------------------------------------------
     0 | D:1      | ReteAZ the Barachi Gladiator began the quest for the Orb.
     0 | D:1      | Reached XP level 1. HP: 17/17 MP: 1/1
   254 | D:1      | Reached XP level 2. HP: 23/23 MP: 2/2
   301 | D:1      | Reached skill level 4 in Long Blades
  1149 | D:2      | Reached XP level 3. HP: 25/28 MP: 3/3
  1925 | D:3      | Found a hide-covered altar of Uskayaw.
  1952 | D:3      | Reached XP level 4. HP: 35/35 MP: 4/4
  2173 | D:3      | Found a shimmering blue altar of Sif Muna.
  2259 | D:3      | Reached skill level 5 in Long Blades
  2774 | D:4      | Reached XP level 5. HP: 34/41 MP: 5/5
  2885 | D:4      | Noticed an ogre
  2900 | D:4      | Killed an ogre
  2900 | D:4      | Reached skill level 6 in Long Blades
  3097 | D:4      | Reached XP level 6. HP: 43/48 MP: 6/6
  3226 | D:4      | Noticed Dowan
  3227 | D:4      | Noticed Duvessa
  3229 | D:4      | Noticed a phantom
  3231 | D:4      | Killed Duvessa
  3285 | D:4      | Killed Dowan
  3305 | D:4      | Killed a phantom
  3305 | D:4      | Reached skill level 7 in Long Blades
  3305 | D:4      | Reached skill level 5 in Dodging
  3305 | D:4      | Reached XP level 7. HP: 18/55 MP: 7/7
  3754 | D:4      | Reached skill level 5 in Fighting
  3988 | D:5      | Entered Level 5 of the Dungeon
  4006 | D:5      | Reached skill level 8 in Long Blades
  4094 | D:5      | Reached XP level 8. HP: 30/64 MP: 8/8
  5012 | D:6      | Reached skill level 9 in Long Blades
  5031 | D:6      | Found Owkuhezir's Jewellery Shop.
  5232 | D:6      | Found a staircase to the Ecumenical Temple.
  5254 | Temple   | Entered the Ecumenical Temple
  5545 | D:6      | Found an ornate altar of the Wu Jian Council.
  5561 | D:6      | Found a blossoming altar of Fedhas.
  5674 | D:6      | Found Tuatzeca's Elemental Accessories.
  5676 | D:6      | Noticed a hippogriff
  5700 | D:6      | HP: 1/65 [hippogriff (3)]
  5705 | D:6      | Killed a hippogriff
  5836 | D:6      | Bought a wand of iceblast (5) for 99 gold pieces
  5916 | D:6      | Reached skill level 10 in Long Blades
  5925 | D:6      | Reached XP level 9. HP: 46/72 MP: 9/9
  6149 | D:6      | Reached skill level 1 in Evocations
  6387 | D:6      | Found a bloodstained altar of Trog.
  6474 | D:6      | Found Zin's Purification Station.
  6475 | D:6      | Found a glowing silver altar of Zin.
  6970 | D:7      | Noticed Prince Ribbit
  7003 | D:7      | Noticed Joseph
  7019 | D:7      | Killed Joseph
  7261 | D:7      | Found an iron altar of Okawaru.
  7265 | D:7      | Became a worshipper of Warmaster Okawaru
  7351 | D:7      | Killed Prince Ribbit
  7351 | D:7      | Reached skill level 11 in Long Blades
  7837 | D:7      | Found a runed translucent door.
  7838 | D:7      | Noticed Crazy Yiuf
  7853 | D:7      | Killed Crazy Yiuf
  8178 | D:8      | Found a white marble altar of Elyvilon.
  8178 | D:8      | Found a snail-covered altar of Cheibriados.
  8361 | D:8      | Found a radiant altar of Vehumet.
  8813 | D:8      | Reached skill level 1 in Armour
  8936 | D:8      | Reached * piety under Okawaru
  9301 | D:8      | Reached XP level 10. HP: 80/80 MP: 12/12
  9555 | D:8      | HP: 3/81 [large slime creature (19)]
 10652 | D:9      | Reached skill level 12 in Long Blades
 10710 | D:9      | Found a staircase to the Orcish Mines.
 10917 | D:9      | Reached ** piety under Okawaru
 11500 | D:9      | Reached skill level 1 in Invocations
 11731 | D:10     | Entered Level 10 of the Dungeon
 11755 | D:10     | Found Yreon's Weapon Shop.
 12126 | D:10     | Noticed Erolcha
 12127 | D:10     | Found a staircase to the Lair.
 12136 | D:10     | Killed Erolcha
 12136 | D:10     | Reached *** piety under Okawaru
 12136 | D:10     | Reached skill level 5 in Evocations
 12396 | D:10     | Reached XP level 11. HP: 82/89 MP: 14/14
 12820 | Lair:1   | Entered Level 1 of the Lair of Beasts
 12847 | Lair:1   | Reached **** piety under Okawaru
 12847 | Lair:1   | Reached skill level 13 in Long Blades
 12875 | D:10     | Received a gift from Okawaru
 13134 | Lair:1   | Reached skill level 5 in Armour
 14154 | Lair:1   | Received a gift from Okawaru
 14409 | Lair:2   | Noticed Sonja
 14428 | Lair:2   | Killed Sonja
 14428 | Lair:2   | Reached skill level 10 in Fighting
 14685 | Lair:2   | Noticed Gastronok
 14755 | Lair:2   | Reached ***** piety under Okawaru
 14804 | Lair:2   | Killed Gastronok
 14804 | Lair:2   | Received a gift from Okawaru
 14804 | Lair:2   | Reached skill level 14 in Long Blades
 14804 | Lair:2   | Reached XP level 12. HP: 40/98 MP: 15/15
 15068 | Lair:2   | Reached skill level 10 in Dodging
 15280 | Lair:2   | Found a staircase to the Shoals.
 15783 | Lair:3   | Reached skill level 5 in Invocations
 16083 | Lair:3   | Noticed a four-headed hydra
 16091 | Lair:3   | Killed a one-headed hydra
 16236 | Lair:3   | Found a hole to the Spider Nest.
 17283 | Lair:4   | Reached ****** piety under Okawaru
 17283 | Lair:4   | Received a gift from Okawaru
 17777 | Lair:4   | Gained mutation: You can hop long distances. [Barachi
                  | growth]
 17777 | Lair:4   | Reached XP level 13. HP: 106/106 MP: 18/18
 17895 | Lair:4   | Received a gift from Okawaru
 17895 | Lair:4   | Reached skill level 1 in Shields
 18005 | Lair:4   | Noticed an entropy weaver
 18011 | Lair:4   | Noticed an entropy weaver
 18484 | Lair:4   | Killed an entropy weaver
 19265 | Lair:4   | Killed an entropy weaver
 19265 | Lair:4   | Reached skill level 15 in Long Blades
 19487 | Lair:4   | Received a gift from Okawaru
 19660 | Lair:5   | Reached skill level 5 in Shields
 19987 | Lair:5   | Received a gift from Okawaru
 20474 | Lair:6   | Entered Level 6 of the Lair of Beasts
 20847 | Lair:6   | Reached XP level 14. HP: 42/115 MP: 14/20
 21253 | Lair:6   | Reached skill level 10 in Shields
 21674 | Lair:6   | Received a gift from Okawaru
 22014 | Lair:6   | Found a viscous altar of Jiyva.
 22014 | Lair:6   | Found a staircase to the Slime Pits.
 23078 | D:11     | Got a fine scale mail
 23114 | D:11     | Identified the cursed +1 scale mail of Shielding {Regen+}
                  | (You found it on level 11 of the Dungeon)
 24304 | D:13     | Found Nioq's Book Shop.
 24423 | D:13     | Received a gift from Okawaru
 24677 | D:13     | Reached XP level 15. HP: 113/122 MP: 21/21
 24708 | D:13     | Found Efeghefi's Book Boutique.
 24774 | D:13     | Found Afecaoz's Jewellery Shop.
 24788 | D:13     | Found Fimaevem's Distillery.
 24803 | D:13     | Bought 2 potions of curing for 78 gold pieces
 24803 | D:13     | Bought a potion of heal wounds for 65 gold pieces
 24803 | D:13     | Bought a potion of heal wounds for 65 gold pieces
 24803 | D:13     | Bought a potion of mutation for 104 gold pieces
 24803 | D:13     | Bought a potion of heal wounds for 65 gold pieces
 25071 | D:13     | Found Heuniur's Magic Scroll Shop.
 25079 | D:13     | Bought a scroll of enchant armour for 112 gold pieces
 25079 | D:13     | Bought a scroll of enchant armour for 112 gold pieces
 25712 | D:14     | Found a runed translucent gate.
 25712 | D:14     | Found a runed translucent gate.
 25712 | D:14     | Found a runed translucent gate.
 25746 | D:14     | Noticed Azrael
 25783 | D:14     | Killed Azrael
 26495 | D:14     | Found a gate to the Vaults.
 26501 | D:14     | Paralysed by a wizard for 4 turns
 26519 | D:14     | Received a gift from Okawaru
 26770 | D:15     | Entered Level 15 of the Dungeon
 26791 | D:15     | Found a staircase to the Depths.
 26791 | D:15     | Noticed a fire giant
 27172 | D:15     | Paralysed by a floating eye for 4 turns
 28001 | D:15     | Killed a fire giant
 28160 | Orc:1    | Entered Level 1 of the Orcish Mines
 28173 | Orc:1    | Reached skill level 5 in Throwing
 28323 | Orc:2    | Entered Level 2 of the Orcish Mines
 28435 | Orc:1    | Found a flagged portal.
 28505 | Bailey   | Entered a bailey
 29048 | Orc:1    | Found a roughly hewn altar of Beogh.
 29062 | Orc:1    | Reached skill level 10 in Armour
 29063 | Orc:1    | Found Inwiha's Armour Emporium.
 29077 | Orc:1    | Received a gift from Okawaru
 29654 | Orc:2    | Received a gift from Okawaru
 29654 | Orc:2    | Reached skill level 16 in Long Blades
 29897 | Orc:2    | Found a staircase to the Elven Halls.
 29988 | Orc:2    | Reached XP level 16. HP: 82/131 MP: 16/22
 30703 | Orc:2    | Found Ragomyarph's Food Shop.
 30706 | Orc:2    | Found Tiexae's Distillery.
 30857 | Orc:2    | Bought a potion of invisibility for 88 gold pieces
 31054 | Orc:2    | Gained mutation: You are clumsy. (Dex -2) [a neqoxec]
 31527 | Orc:2    | Found Bienavo's Gadget Emporium.
 31527 | Orc:2    | Found a one-way gate leading to the halls of Pandemonium.
 31527 | Orc:2    | Found Kuunos's Antique Weapon Shoppe.
 31773 | Spider:1 | Entered Level 1 of the Spider Nest
 32489 | Spider:1 | Received a gift from Okawaru
 33253 | Spider:2 | Got a heavily runed ring mail
 33270 | Spider:2 | Identified the +5 ring mail "Miyxeta" {Int+3 Stlth+} (You
                  | found it on level 2 of the Spider Nest)
 34208 | Spider:2 | Received a gift from Okawaru
 34764 | Spider:3 | Noticed Arachne
 34782 | Spider:3 | Killed Arachne
 34782 | Spider:3 | Received a gift from Okawaru
 34828 | Spider:3 | Received a gift from Okawaru
 34991 | Spider:3 | Reached XP level 17. HP: 84/139 MP: 23/23
 35401 | Spider:3 | Received a gift from Okawaru
 35982 | Spider:4 | Entered Level 4 of the Spider Nest
 36125 | Spider:4 | Received a gift from Okawaru
 36498 | Spider:4 | Got an ichor-stained scimitar {god gift}
 36507 | Spider:4 | Identified the +7 scimitar of Patience {speed, Int-4 Dex+5}
                  | (Okawaru gifted it to you on level 4 of the Spider Nest)
 36553 | Spider:4 | Reached skill level 17 in Long Blades
 37964 | Spider:4 | Received a gift from Okawaru
 38317 | Spider:4 | Got a gossamer rune of Zot
 38517 | Shoals:1 | Entered Level 1 of the Shoals
 38607 | Shoals:1 | Received a gift from Okawaru
 38621 | Shoals:1 | Identified a +0 pair of boots of running (Okawaru gifted it
                  | to you on level 1 of the Shoals)
 39050 | Shoals:1 | Reached skill level 15 in Fighting
 40363 | Shoals:2 | Reached XP level 18. HP: 149/149 MP: 24/24
 41015 | Shoals:3 | Reached skill level 15 in Dodging
 41091 | Shoals:3 | Reached skill level 15 in Shields
 42412 | Shoals:4 | Entered Level 4 of the Shoals
 42656 | Shoals:4 | Reached skill level 18 in Long Blades
 43597 | Shoals:4 | Received a gift from Okawaru
 43834 | Shoals:4 | Got a barnacled rune of Zot
 44359 | Elf:1    | Entered Level 1 of the Elven Halls
 44692 | Elf:1    | Got a transparent buckler
 44703 | Elf:1    | Identified the +2 buckler "Numpy" {rElec rCorr Str+2 Dex-3}
                  | (You found it on level 1 of the Elven Halls)
 44787 | Elf:1    | Received a gift from Okawaru
 45466 | Elf:1    | Identified the ring of the Queen {+Fly EV+4 Int+4 SInv}
 45499 | Elf:1    | Reached XP level 19. HP: 74/157 MP: 25/25
 45553 | Elf:1    | Found a runed translucent gate.
 45553 | Elf:1    | Found a runed translucent gate.
 45553 | Elf:1    | Found a runed translucent gate.
 45553 | Elf:1    | Found a runed translucent gate.
 45553 | Elf:1    | Found a runed translucent gate.
 45554 | Elf:1    | Found a runed translucent gate.
 46102 | Elf:2    | Found Ruula's Magic Scroll Shop.
 46563 | Elf:2    | Received a gift from Okawaru
 46582 | Elf:2    | Bought a scroll of identify for 28 gold pieces
 46582 | Elf:2    | Bought a scroll of enchant armour for 105 gold pieces
 46881 | Elf:2    | Found a runed translucent gate.
 46881 | Elf:2    | Found a runed translucent gate.
 46881 | Elf:2    | Found a runed translucent gate.
 47859 | Elf:2    | Reached skill level 19 in Long Blades
 47859 | Elf:2    | Reached skill level 15 in Armour
 48446 | Elf:3    | Entered Level 3 of the Elven Halls
 48545 | Elf:3    | Identified the ring of Appael {*Tele rF+ rN+ Str+2 Dex+3}
 49032 | Elf:3    | Found an ancient bone altar of Kikubaaqudgha.
 49132 | Elf:3    | Found a magical portal.
 49376 | Elf:3    | Noticed an Ice Fiend
 49381 | Elf:3    | Noticed an Ice Fiend
 49382 | Elf:3    | Received a gift from Okawaru
 49388 | Elf:3    | Noticed an Ice Fiend
 49393 | Elf:3    | Noticed a Hell Sentinel
 49971 | Elf:3    | Identified the +9 ring mail of the Valley {Int+3 Slay+6}
 49977 | Elf:3    | Identified the +9 dire flail of the Whale {pain, rN+}
 49977 | Elf:3    | Identified the ring of Keisainu {rF+ rN+}
 49978 | Elf:3    | Reached skill level 20 in Long Blades
 50004 | Elf:3    | Identified the ring "Bial" {rPois rCorr Dex-3 Slay-3 SInv}
 50009 | Elf:3    | Reached XP level 20. HP: 60/166 MP: 20/26
 50692 | Elf:3    | Identified the +7 long sword of Hepliaklqana's Wrath
                  | {freeze, *Slow rElec rN+ Int+3}
 50723 | Elf:3    | Identified The Catalogue of Greatest Risks and Utility
 50750 | Elf:3    | Got an ichor-stained helmet
 50756 | Elf:3    | Identified the cursed +0 helmet of the Scribe {Regen+
                  | Int+3} (You found it on level 3 of the Elven Halls)
 50760 | Elf:3    | Identified the Almanac of Supportive Transformation
 50884 | Elf:3    | Identified the +3 ring mail of Wu Jian's Inspiration {rElec
                  | rF+} (You found it on level 3 of the Elven Halls)
 51306 | Elf:3    | Identified the +6 scythe "Wies" {vorpal, *Rage Str+3 Dex+6}
 51953 | Vaults:1 | Entered Level 1 of the Vaults
 51953 | Vaults:1 | Found Tafesoal's Assorted Antiques.
 51967 | Vaults:1 | Bought a scroll of blinking for 210 gold pieces
 51967 | Vaults:1 | Bought a wand of acid (11) for 224 gold pieces
 52008 | Vaults:1 | Found a portal to a secret trove of treasure.
 52076 | Vaults:1 | You paid a toll of 14 scrolls of teleportation to enter a
                  | treasure trove
 52077 | Trove    | Entered a treasure trove
 52108 | Trove    | Identified the amulet of Qinofom {Inacc *Contam rN+++ Int-2
                  | Dex+7} (You found it in a treasure trove)
 52116 | Trove    | Reached XP level 21. HP: 182/182 MP: 27/27
 52148 | Trove    | Identified Sif Muna's Catalogue of Quantum Evil Arts
 52247 | Vaults:1 | Found Dogyt's Magic Scroll Shop.
 52277 | Vaults:1 | Bought a scroll of enchant armour for 112 gold pieces
 52277 | Vaults:1 | Bought a scroll of blinking for 112 gold pieces
 52408 | Vaults:1 | Received a gift from Okawaru
 52616 | D:14     | Gained mutation: You are somewhat resistant to further
                  | mutation. [a neqoxec]
 52625 | D:14     | Received a gift from Okawaru
 52664 | D:14     | Gained mutation: Your body sometimes deteriorates upon
                  | taking damage. [a cacodemon]
 53361 | Vaults:1 | Found Veskadof's General Store.
 53716 | Vaults:1 | Found Ecubb's Distillery.
 53722 | Vaults:1 | Bought a potion of cancellation for 136 gold pieces
 53722 | Vaults:1 | Bought a potion of invisibility for 136 gold pieces
 53722 | Vaults:1 | Bought a potion of curing for 51 gold pieces
 53722 | Vaults:1 | Bought a potion of might for 68 gold pieces
 53839 | Vaults:1 | Found Eppin's Jewellery Shop.
 54059 | Vaults:1 | Paralysed by a sphinx for 7 turns
 54409 | Vaults:2 | Reached XP level 22. HP: 175/198 MP: 28/28
 54884 | Vaults:2 | Received a gift from Okawaru
 55035 | Vaults:2 | Noticed Boris
 55059 | Vaults:2 | Killed Boris
 55275 | Vaults:2 | Found a staircase to the Crypt.
 55549 | Vaults:2 | Found Xoze Nesm's General Store.
 55631 | Vaults:2 | Found an iron altar of Okawaru.
 55783 | Vaults:3 | Received a gift from Okawaru
 56780 | Vaults:3 | Found Lootuynad's General Store.
 56790 | Vaults:3 | Bought 3 scrolls of magic mapping for 220 gold pieces
 56790 | Vaults:3 | Bought a scroll of identify for 42 gold pieces
 57018 | Vaults:3 | Reached skill level 10 in Throwing
 58004 | Vaults:4 | Reached XP level 23. HP: 205/206 MP: 29/29
 58110 | Vaults:4 | Received a gift from Okawaru
 58115 | Vaults:4 | Identified the +1 ring mail "Maese" {+Fly rF+} (Okawaru
                  | gifted it to you on level 4 of the Vaults)
 59305 | Depths:1 | Entered Level 1 of the Depths
 59571 | Depths:1 | Reached skill level 21 in Long Blades
 59788 | Depths:1 | You fall into a shaft and drop 1 floor!
 60152 | Depths:2 | Found Lorph's Demolitions Depot.
 60281 | Depths:2 | Found a gateway to Hell.
 60415 | Depths:2 | Received a gift from Okawaru
 60932 | Depths:2 | Received a gift from Okawaru
 61089 | Depths:2 | Identified the +7 falchion of Linearity {freeze, MR+ Str+4
                  | Stlth+}
 61493 | Depths:3 | Identified the +4 long sword of Vyocagas {venom, +Blink
                  | +Fly Str-5}
 61573 | Depths:3 | Received a gift from Okawaru
 61608 | Depths:3 | Paralysed by a floating eye for 4 turns
 61629 | Depths:3 | Paralysed by a floating eye for 2 turns
 61660 | Depths:3 | Found Xoastrecw's Weapon Shoppe.
 61678 | Depths:3 | Found Xupp's Food Emporium.
 61782 | Depths:3 | Cast into level 2 of the Abyss (hell knight)
 61844 | Abyss:3  | Reached XP level 24. HP: 214/214 MP: 29/29
 61905 | Abyss:3  | Received a gift from Okawaru
 61982 | Abyss:3  | Paralysed by accursed screaming for 1 turns
 62017 | Depths:3 | Escaped the Abyss
 62289 | Depths:3 | Found an iron altar of Okawaru.
 62518 | Depths:3 | Noticed Mara
 62530 | Depths:3 | Noticed ReteAZ's illusion
 62608 | Depths:3 | Noticed ReteAZ's illusion
 62660 | Depths:3 | Noticed ReteAZ's illusion
 62702 | Depths:3 | Killed Mara
 62702 | Depths:3 | Received a gift from Okawaru
 62958 | Depths:3 | Identified the +1 kite shield of Uskayaw's Pride {Stlth+}
 62958 | Depths:3 | Identified the +10 morningstar of the Gnat {freeze, *Rage
                  | rC+++ MP+9 Int+4}
 62998 | Depths:3 | Identified the +4 scythe of Qeyc {speed, *Noise *Corrode
                  | rN++ Str+8}
 63012 | Depths:3 | Received a gift from Okawaru
 63075 | Depths:3 | Received a gift from Okawaru
 63131 | Depths:3 | Identified the +2 scale mail "Jushuriw" {Str+5 Int-2 Dex+7}
                  | (You found it on level 3 of the Depths)
 63382 | Depths:4 | Noticed Frederick
 63395 | Depths:4 | Killed Frederick
 63475 | Depths:4 | Found a one-way gate to the infinite horrors of the Abyss.
 64055 | Depths:4 | Reached skill level 22 in Long Blades
 64893 | Depths:5 | Entered Level 5 of the Depths
 64948 | Depths:5 | Found Ujamal's Blood Bar.
 64971 | Depths:5 | Found a gateway to a ziggurat.
 65074 | Depths:5 | Found a runed translucent gate.
 65074 | Depths:5 | Found a runed translucent gate.
 65074 | Depths:5 | Found a runed translucent gate.
 65075 | Depths:5 | Noticed Xaphatau's ghost (master KoEn)
 65126 | Depths:5 | Found a gate to the Realm of Zot.
 65229 | Depths:5 | Reached XP level 25. HP: 60/221 MP: 29/29
 65415 | Depths:5 | Received a gift from Okawaru
 65664 | Depths:5 | Received a gift from Okawaru
 66567 | Vaults:5 | Entered Level 5 of the Vaults
 66656 | Vaults:5 | Received a gift from Okawaru
 66719 | Vaults:5 | Received a gift from Okawaru
 66719 | Vaults:5 | Reached skill level 15 in Throwing
 66736 | Vaults:5 | Noticed Sojobo
 66932 | Vaults:5 | Received a gift from Okawaru
 67232 | Vaults:5 | Received a gift from Okawaru
 67437 | Vaults:5 | Received a gift from Okawaru
 67462 | Vaults:5 | HP: 7/221 [iron dragon/spray of metal splinters (26)]
 67466 | Vaults:5 | Identified the +2 leather armour of Zemir {+Fly rC- Str+9}
 67499 | Vaults:5 | Received a gift from Okawaru
 67509 | Vaults:5 | Noticed Margery
 67517 | Vaults:5 | Identified the cursed +3 hunting sling "Niyschese" {freeze,
                  | Dex+2}
 67518 | Vaults:5 | Reached skill level 23 in Long Blades
 67536 | Vaults:5 | Killed Margery
 67536 | Vaults:5 | Received a gift from Okawaru
 67539 | Vaults:5 | Identified the cursed +1 chain mail "Moazu" {*Corrode MR+
                  | Str+7 Stlth+}
 67636 | Vaults:5 | Reached XP level 26. HP: 198/228 MP: 29/29
 67976 | Vaults:5 | Identified a scroll of acquirement
 67976 | Vaults:5 | Identified the amulet of Reloxken {+Rage rElec} (You
                  | acquired it on level 5 of the Vaults)
 68022 | Vaults:5 | Identified the cursed +0 hat of Valour {*Drain rN++ Dex+6}
                  | (You found it on level 5 of the Vaults)
 68194 | Vaults:5 | Got a silver rune of Zot
 68303 | Vaults:5 | Killed Sojobo
 68319 | Vaults:5 | Found Adacrur's Armour Emporium.
 69352 | Slime:1  | Entered Level 1 of the Pits of Slime
 69547 | Slime:3  | Received a gift from Okawaru
 69712 | Slime:5  | Entered Level 5 of the Pits of Slime
 69839 | Slime:5  | Received a gift from Okawaru
 69839 | Slime:5  | Reached skill level 24 in Long Blades
 70130 | Slime:5  | Received a gift from Okawaru
 70364 | Slime:5  | Found a viscous altar of Jiyva.
 70364 | Slime:5  | Noticed the Royal Jelly
 70439 | Slime:5  | Killed the Royal Jelly
 70439 | Slime:5  | Received a gift from Okawaru
 70449 | Slime:5  | HP: 9/228 [acid blob[the Royal Jelly] (31)]
 70450 | Slime:5  | Splashed by an acid blob's acid

Levels and vault maps discovered:
D:1:      dpeg_arrival_tiny_f, layout_basic, minmay_bisected
D:2:      layout_loops_ring
D:3:      layout_loops_corners, led_sif_pool, eat_drink_and_be_merry_uskayaw
D:4:      layout_loops_ring, uniq_duvessa
D:5:      layout_cave_pods, first_ration
D:6:      minmay_opposing_rooms, layout_loops_ring, lightli_temple_of_fire,
          fedhas_ov_isle_minmay, kennysheep_little_box, zin_purify,
          minmay_temple_entry_statues_fountains, serial_shops, shop_statue,
          nicolae_elemental_shop
D:7:      layout_basic, okawaru_gym_becter, uniq_joseph,
          uniq_crazy_yiuf_cottage, uniq_prince_ribbit1
D:8:      layout_basic, overflow_temple_1_default, overflow_temple_1_default,
          basic_altar
D:9:      layout_basic, orc_0_dummy
D:10:     layout_rooms, david_lair_shrubbed, serial_shops,
          nicolae_shop_window_shopping, uniq_erolcha
D:11:     layout_grid_maze
D:12:     layout_irregular_city, hangedman_ranch [blue_anna_fruit_fields]
D:13:     layout_basic, serial_shops, shop, shop_statue, shop,
          nicolae_shop_stone, shop, hangedman_corner_corridor
D:14:     layout_irregular_city, grunt_vaults_entry_tiered,
          ploomutoo_gammafunk_ghost_potion_laboratory, moated_statue,
          uniq_azrael
D:15:     grunt_enter_depths_giant_problem, layout_layer_cave,
          hangedman_decor_peaks_small
Temple:   cyrus_circular_temple
Lair:1:   layout_gridlike, grunt_megastairs_2, serial_bayou_shore_b,
          infiniplex_staircase_pool
Lair:2:   layout_long_grid, minmay_shoals_entry_centaurs, pond, uniq_gastronok,
          uniq_sonja
Lair:3:   layout_misc_corridors, spider_nest_entry_web_field, serial_rivers,
          chequers_serial_rivers_small_3, chequers_serial_rivers_micro_a,
          chequers_serial_rivers_large_a, chequers_serial_rivers_micro_a,
          chequers_serial_rivers_marsh, chequers_serial_rivers_micro_a,
          disabler_island
Lair:4:   layout_regular_city, zaba_antful_of_joy, grunt_megastairs_5
Lair:5:   layout_big_grid, minmay_lair_oklob_chamber
Lair:6:   minmay_lair_end_frog_pond, layout_long_grid, slime_altar_1
Shoals:1: layout_shoals, nicolae_shoals_drake_roost
Shoals:2: layout_shoals
Shoals:3: layout_shoals
Shoals:4: shoals_end_grunt_garden, layout_shoals
Spider:1: layout_spider_delve
Spider:2: layout_spider_delve
Spider:3: layout_spider_delve, spiders_nest_hornet_nest, uniq_arachne
Spider:4: grunt_spider_rune_circles, nicolae_spider_cling_ruins
Slime:1:  cheibrodos_slime_lost_civilization_2, layout_caves,
          nicolae_slime_barrier
Slime:2:  layout_caves
Slime:3:  layout_caves
Slime:4:  layout_caves
Slime:5
Orc:1:    layout_caves, enter_bailey_3, serial_shops, shop, lemuel_statue_altar
Orc:2:    pf_orc_diabolical, layout_caves
Elf:1:    eino_elf_arrival_customs, layout_loops_corners, orc_legates
Elf:2:    layout_geoelf_octagon, serial_shops, nicolae_shop_stone
Elf:3:    grunt_elf_hall_diamonds, layout_onion_city, basic_altar,
          mu_enter_wizlab_7
Vaults:1: v_misc_13, vaults_mumra_chevron, vaults_room_pools, v_pattern_2,
          nicolae_vaults_hallways_thing, nicolae_vaults_sealed_display,
          vaults_mumra_hex, hangedman_vaults_variations,
          vaults_room_guarded_vault, v_misc_11, v_misc_5,
          layout_vaults_big_cross, enter_trove_6, serial_shops,
          nicolae_shop_statue_plus, nicolae_shop_waterfront, nicolae_shop_trees,
          nicolae_shop_waterfront, shop
Vaults:2: v_misc_14, st_star, v_misc_19, hangedman_vaults_slice,
          nicolae_vaults_little_squares_1, v_rooms_2,
          nicolae_vaults_circle_grid_a, ontoclasm_vaults_shuriken,
          nicolae_vaults_mini_display_case, vaults_room_semicircle,
          ontoclasm_vaults_tryst, minmay_crypt_entry_simple_box,
          ontoclasm_vaults_twist, layout_vaults_maze_snakey, serial_shops, shop,
          basic_altar, uniq_boris
Vaults:3: vaults_room_glass_cross, hangedman_vaults_stagger, vaults_dpeg_doors,
          nicolae_vaults_network_square, v_misc_17,
          nicolae_vaults_circle_grid_b, nicolae_vaults_theta, v_misc_16,
          v_rooms_4, ontoclasm_vaults_chip, vaults_dpeg_diagonal,
          vaults_dpeg_encased_lava, layout_vaults_chaotic_city, serial_shops,
          nicolae_shop_crystal
Vaults:4: vaults_mumra_minichess_inversion, vaults_dpeg_spiral, v_misc_1,
          v_misc_23, v_misc_30, vaults_room_fours,
          nicolae_vaults_three_branches, layout_vaults_omnigrid
Vaults:5: serial_shops, uniq_sojobo, uniq_margery
Depths:1: layout_forbidden_donut, grunt_hell_entry_dis_old,
          grunt_pan_entry_in_and_out, item_on_display_a, grunt_megastairs_3
Depths:2: wad_lake_hut, layout_basic, hell_entry, bh_walls_and_bars,
          nicolae_blasting_shop, hangedman_decor_points, horrible_house_mu
Depths:3: evilmike_iron_armoury, layout_cave_shapes, kennysheep_flooded_box,
          rand_demon_pan_entry_5, hell_entry, infiniplex_staircase_zigzag_2,
          minmay_shoptagon, kennysheep_random_hallway, uniq_mara
Depths:4: minmay_inner_zag, layout_cave_shapes, lightli_too_deep, minivault_14,
          abyss_entry, nrook_uturn, minmay_misc_feat_tiny, grunt_decor_fettered,
          minmay_tree_intersection, minmay_serpent_palace, uniq_frederick
Depths:5: evilmike_zot_entry_argh, layout_cross, enter_ziggurat_d, hell_entry,
          biasface_ghost_demon_polymorph, hangedman_abyss_or_decor_passed,
          guppyfry_shop_blood

Skill      XL: |  1  2  3  4  5  6  7  8  9 10 11 12 13 14 15 16 17 18 19 20 21 22 23 24 25 26 |
---------------+-------------------------------------------------------------------------------+-----
Long Blades    | 4 5 6 7 8 10 11 12 14 15 16 17 18 20 21 22 23 24 | 24.0
Fighting       | 3 4 5 7 8 9 10 11 12 13 14 15 16 19 22 23 | 23.0
Dodging        | 4 5 6 7 8 9 10 11 12 13 14 15 16 17 18 19 20 | 20.1
Evocations     | 3 5 |  5.1
Armour         | 1 4 6 8 10 11 12 14 16 18 19 | 19.0
Invocations    | 2 4 7 8 |  8.0
Shields        | 8 12 13 14 15 16 17 18 19 22 | 22.7
Throwing       | 3 5 7 10 12 14 15 | 15.0

Action                   |  1- 3 |  4- 6 |  7- 9 | 10-12 | 13-15 | 16-18 | 19-21 | 22-24 | 25-27 || total
-------------------------+-------+-------+-------+-------+-------+-------+-------+-------+-------++-------
Melee: Long sword        |    91 |   104 |   404 |   205 |   260 |       |   861 |  1660 |       ||  3585
       Unarmed           |       |    21 |       |       |       |       |       |       |       ||    21
       Short sword       |       |       |       |    24 |       |       |       |       |       ||    24
       Scimitar          |       |       |       |   428 |  1708 |  2601 |   799 |       |       ||  5536
       Falchion          |       |       |       |     8 |       |       |       |       |       ||     8
       Punch             |       |       |       |     1 |       |       |       |       |       ||     1
       Demon blade       |       |       |       |       |       |       |       |  1220 |  1413 ||  2633
Throw: Dart              |     1 |    10 |    31 |    26 |     4 |       |       |       |       ||    72
       Throwing net      |       |     1 |       |       |     1 |     1 |       |       |       ||     3
       Boomerang         |       |       |     2 |    70 |    72 |    44 |     5 |       |       ||   193
       Javelin           |       |       |       |     7 |     7 |    82 |       |    21 |    42 ||   159
Invok: Heroism           |       |       |       |     8 |    12 |    19 |     9 |     8 |     4 ||    60
       Finesse           |       |       |       |       |     6 |     6 |     2 |    10 |    10 ||    34
 Abil: Hop               |       |       |     2 |     3 |     6 |     1 |     5 |     2 |     2 ||    21
Evoke: Wand              |       |     2 |     1 |     9 |    12 |    38 |     4 |     2 |     8 ||    76
       Lightning rod     |       |       |       |       |     8 |       |       |       |       ||     8
  Use: Scroll            |       |     1 |       |    18 |    15 |     4 |    15 |    14 |    15 ||    82
       Potion            |       |     3 |     3 |     2 |     2 |     1 |    11 |     2 |     6 ||    30
 Stab: Sleeping          |       |     1 |       |     1 |       |       |       |       |       ||     2
       Confused          |       |       |       |     1 |     1 |       |       |       |       ||     2
       Distracted        |       |       |       |       |       |       |     1 |       |       ||     1
       Invisible         |       |       |       |       |       |       |       |     5 |       ||     5
  Eat: Chunk             |     4 |     5 |    12 |    29 |    36 |    50 |    32 |    35 |     9 ||   212
       Ration            |       |       |     3 |       |     3 |     1 |       |     1 |     3 ||    11
Armor: Leather armour    |    28 |    39 |    97 |   133 |   100 |       |       |       |       ||   397
       Troll leather arm |       |       |       |       |   165 |       |       |       |       ||   165
       Scale mail        |       |       |       |       |     3 |       |       |       |       ||     3
       Plate armour      |       |       |       |       |    19 |   403 |   356 |   696 |   326 ||  1800
       Chain mail        |       |       |       |       |       |   468 |       |       |       ||   468
Dodge: Dodged            |    58 |   102 |   257 |   534 |   773 |   870 |   528 |  1236 |   500 ||  4858
Block: Other             |       |       |    23 |    68 |       |       |       |       |       ||    91
       Reflection        |       |       |     1 |     2 |    96 |   101 |    54 |   124 |    23 ||   401
       Kite shield       |       |       |       |     1 |  1493 |  2111 |  1202 |  2308 |   876 ||  7991
       Rpst.: Long sword |    12 |    19 |    90 |    44 |    36 |       |    77 |   122 |       ||   400
       Scimitar          |       |       |       |   101 |   185 |   151 |    36 |       |       ||   473
       Falchion          |       |       |       |     1 |       |       |       |       |       ||     1
       Demon blade       |       |       |       |       |       |       |       |    96 |    84 ||   180

Table legend:
 A = Non-vault XP
 B = Vault XP
 C = Vault XP percentage of total XP
 D = Non-vault monster count
 E = Vault monster count
 F = Vault count percentage of total count
                 A         B        C        D         E       F
            +---------+---------+-------+---------+---------+-------
      Total |  574858 |  549075 |  48.9 |    1417 |     775 |  35.4
            +---------+---------+-------+---------+---------+-------
        D:1 |      31 |       1 |   3.1 |      15 |       1 |   6.2
        D:2 |      38 |       0 |   0.0 |      12 |       0 |   0.0
        D:3 |      69 |       0 |   0.0 |      20 |       0 |   0.0
        D:4 |     685 |     216 |  24.0 |      18 |       2 |  10.0
        D:5 |     541 |       0 |   0.0 |      18 |       0 |   0.0
        D:6 |     338 |     663 |  66.2 |       7 |       8 |  53.3
        D:7 |     419 |     770 |  64.8 |      24 |       3 |  11.1
        D:8 |    2007 |       0 |   0.0 |      24 |       0 |   0.0
        D:9 |    1540 |       0 |   0.0 |      34 |       0 |   0.0
       D:10 |    1730 |    1368 |  44.2 |      14 |       2 |  12.5
       D:11 |    3508 |       0 |   0.0 |      27 |       0 |   0.0
       D:12 |    2779 |    2211 |  44.3 |      37 |       8 |  17.8
       D:13 |    6576 |    4022 |  38.0 |      33 |       8 |  19.5
       D:14 |   11091 |   19859 |  64.2 |      31 |      45 |  59.2
       D:15 |    5731 |    1534 |  21.1 |      25 |       1 |   3.8
     Lair:1 |    4654 |     239 |   4.9 |      27 |       1 |   3.6
     Lair:2 |    2364 |    3604 |  60.4 |       9 |       9 |  50.0
     Lair:3 |    7601 |     407 |   5.1 |      30 |       5 |  14.3
     Lair:4 |    7467 |    7685 |  50.7 |      19 |      38 |  66.7
     Lair:5 |    3002 |     685 |  18.6 |      17 |       3 |  15.0
     Lair:6 |   11650 |   12824 |  52.4 |      39 |      48 |  55.2
   Shoals:1 |   14432 |    2565 |  15.1 |      29 |       9 |  23.7
   Shoals:2 |   14627 |       0 |   0.0 |      29 |       0 |   0.0
   Shoals:3 |   17824 |       0 |   0.0 |      41 |       0 |   0.0
   Shoals:4 |   11578 |   18539 |  61.6 |      28 |      30 |  51.7
   Spider:1 |   14658 |       0 |   0.0 |      43 |       0 |   0.0
   Spider:2 |   11944 |       0 |   0.0 |      34 |       0 |   0.0
   Spider:3 |   11499 |    3607 |  23.9 |      33 |       1 |   2.9
   Spider:4 |    8111 |   24794 |  75.4 |      19 |      39 |  67.2
    Slime:1 |    9411 |       0 |   0.0 |      20 |       0 |   0.0
    Slime:2 |    4016 |       0 |   0.0 |       6 |       0 |   0.0
    Slime:3 |    3160 |       0 |   0.0 |       5 |       0 |   0.0
    Slime:4 |   15021 |       0 |   0.0 |      25 |       0 |   0.0
    Slime:5 |   12023 |   28599 |  70.4 |      19 |      12 |  38.7
      Orc:1 |    6464 |       7 |   0.1 |      61 |       4 |   6.2
      Orc:2 |    6401 |   15145 |  70.3 |      36 |      56 |  60.9
      Elf:1 |   12932 |    8403 |  39.4 |      26 |      23 |  46.9
      Elf:2 |   17728 |   22419 |  55.8 |      28 |      28 |  50.0
      Elf:3 |   13986 |   48384 |  77.6 |      21 |      34 |  61.8
   Vaults:1 |   27915 |   20655 |  42.5 |      50 |      38 |  43.2
   Vaults:2 |   23080 |   33796 |  59.4 |      39 |      35 |  47.3
   Vaults:3 |   39327 |   19729 |  33.4 |      76 |      23 |  23.2
   Vaults:4 |   23233 |   11785 |  33.7 |      36 |      17 |  32.1
   Vaults:5 |   14624 |  135081 |  90.2 |      18 |      95 |  84.1
   Depths:1 |   14423 |    2791 |  16.2 |      26 |      15 |  36.6
   Depths:2 |   36670 |    5025 |  12.1 |      54 |       7 |  11.5
   Depths:3 |   54799 |   32316 |  37.1 |      67 |      29 |  30.2
   Depths:4 |   20487 |   32431 |  61.3 |      18 |      48 |  72.7
   Depths:5 |   31387 |   22349 |  41.6 |      28 |      13 |  31.7
    Abyss:3 |    9277 |       0 |   0.0 |      22 |       0 |   0.0
     Bailey |       0 |    1067 | 100.0 |       0 |      27 | 100.0
     WizLab |       0 |    3500 | 100.0 |       0 |      10 | 100.0
            +---------+---------+-------+---------+---------+-------
